Cogmind - Beta 17.1 @@@ ROGUE MODE // 2026.08.30 @ 14:43:50 Player: UnderDoug Result: Destroyed by CN-JW4(j) with Overtuned Pulse Rifle Performance ------------- Evolutions (0) 0 Regions Visited (3) 600 Robots Destroyed (11) 55 Value Destroyed (360) 360 Prototype IDs (1) 20 Alien Tech Used (0) 0 Bonus (6411) 6411 TOTAL SCORE: 7446 Bonus ------- Follower Combat Kills 511 Prayed to X0-1V1 5000 Major X0-1V1 Interference 900 Cogmind --------- Core Integrity 0/150 Matter 890/900 Energy 648/1100 System Corruption 0% Temperature Cool (14) Movement Treading (140) Location -9/Scraptown Parts ------- > --- POWER (1) -------- Hybrid Fission Core > --- PROPULSION (2) --- Overtuned Treads Overtuned Treads > --- UTILITY (2) ------ Advanced Visual Processing Unit X0-1V1's Piety Tracker > --- WEAPON (2) ------- Bolt Gun Maul > --- INVENTORY (5) ---- Improved Deuterium Engine Aluminum Leg Scrap Suit Rocket Launcher Peak State ------------ > --- POWER ------------ Hybrid Fission Core > --- PROPULSION ------- Overtuned Treads Overtuned Treads > --- UTILITY ---------- Advanced Visual Processing Unit X0-1V1's Piety Tracker > --- WEAPON ----------- Bolt Gun Maul > --- INVENTORY -------- Improved Deuterium Engine Aluminum Leg Scrap Suit Rocket Launcher [Rating: 31] Favorites ----------- Power Ion Engine Engine Ion Engine Power Core Hybrid Fission Core Propulsion Light Treads Treads Light Treads Leg Aluminum Leg Utility Small Storage Unit Device X0-1V1's Piety Tracker Storage Small Storage Unit Processor Advanced Visual Processing Unit Weapon Assault Rifle Energy Gun Particle Gun Ballistic Gun Assault Rifle Impact Weapon Maul Build | -11 -10 -10 -9 ------- Run | Yrd Mat Sub Scr Slots Evolved . | . . . . Power . | . . . . Propulsion . | . . . . Utility . | . . . . Weapon . | . . . . Parts Attached 24 | 6 5 6 7 Power 5 | 1 2 . 2 Engine 4 | 1 2 . 1 Core 1 | . . . 1 Reactor . | . . . . Propulsion 7 | 2 . 3 2 Treads 5 | 2 . 1 2 Leg 2 | . . 2 . Wheel . | . . . . Hover . | . . . . Flight . | . . . . Utility 4 | 1 1 1 1 Device 2 | . 1 1 . Storage 1 | 1 . . . Processor 1 | . . . 1 Hackware . | . . . . Protection . | . . . . Artifact . | . . . . Weapon 8 | 2 2 2 2 Energy Gun 2 | . 2 . . Energy Cannon . | . . . . Ballistic Gun 5 | 2 . 2 1 Ballistic Cannon . | . . . . Launcher . | . . . . Special Weapon . | . . . . Impact Weapon 1 | . . . 1 Slashing Weapon . | . . . . Piercing Weapon . | . . . . Special Melee Weapon . | . . . . Unidentified Prototypes 1 | . . 1 . Corrupted Parts 2 | . . . 2 System Corruption 3 | . . . 3 Parts Lost 5 | . . 4 1 Power 1 | . . 1 . Propulsion 2 | . . 2 . Utility . | . . . . Weapon 2 | . . 1 1 Highest Loss Streak 2 | . . 2 1 To Critical Strikes . | . . . . Average Backups 5 | 2 5 6 6 Power 1 | . . 1 . Propulsion 2 | 1 4 3 1 Utility 1 | . . 1 1 Weapon . | . . . 1 Tool/Special . | . . . . Unused Backups 5 | . . 1 4 Power . | . . . . Propulsion 2 | . . 1 1 Utility 2 | . . . 2 Weapon 1 | . . . 1 Tool/Special . | . . . . Average Slot Usage (%) 95 | . 78 96 99 Engine 13 | . 13 13 12 Treads 18 | . 24 19 14 Leg 8 | . . 7 14 Device 12 | . . 14 14 Storage 12 | . 14 14 8 Processor 1 | . . . 5 Energy Gun 7 | . 5 9 4 Ballistic Gun 16 | . 19 16 17 Impact Weapon 1 | . . . 6 Peak Build Rating 31 | 6 10 23 31 Average Rating 20 | 4 6 20 25 On Entrance 9 | . 6 10 21 Avg Prop Armor Cover (%) 16 | . . . 16 Naked Turns . | . . . . Heaviest Build 21 | 12 16 16 21 Greatest Support 40 | 40 40 40 36 Greatest Overweight (x) 4 | . 4 . 4 Average Overweight (x) . | . . . . Largest Inventory Capacity 8 | 8 8 8 8 Average Capacity 7 | 6 8 8 6 Most Carried 8 | 6 8 8 8 Average Carried 6 | 3 5 6 6 Final Capacity 8 | 8 8 8 5 Final Carried 6 | 6 6 5 5 Class Distribution -------------------- 90% | Mutant 9% | Scavenger-Mutant Dominant Class ---------------- Mutant | -10/Materials Mutant | -10/Subcaves Mutant | -9/Scraptown Resources | -11 -10 -10 -9 ----------- Run | Yrd Mat Sub Scr Matter Collected 1248 | 225 96 258 669 Remotely . | . . . . Salvage Created 424 | . 96 258 70 Parts 28 | . 5 21 2 Haulers Intercepted . | . . . . Recyclers Shooed . | . . . . Parts Field Recycled . | . . . . Retrieved Matter . | . . . . Parts Self-Destructed 21 | . . 21 . Prevented . | . . . . Parts Restored . | . . . . Kills | -11 -10 -10 -9 ------- Run | Yrd Mat Sub Scr Combat Hostiles Destroyed 11 | . 2 8 1 Guns 10 | . 2 8 . Classes Destroyed 4 | . 1 2 1 Swarmer 3 | . . 3 . Grunt 2 | . 2 . . Subdweller 5 | . . 5 . Scrapper 1 | . . . 1 Best Kill Streak 3 | . 2 3 1 Combat Bots Only 3 | . 2 3 1 Max Kills in Single Turn 1 | . 1 1 1 Gunslinging . | . . . . Exploded . | . . . . Melee . | . . . . Uniques/NPCs Destroyed 1 | . . . 1 Triborg (-9/Scraptown) Combat | -11 -10 -10 -9 -------- Run | Yrd Mat Sub Scr Hostile Shots Fired 94 | . 16 67 11 Missed 30 | . 9 18 3 Hits 64 | . 7 49 8 Projectile 64 | . 7 49 8 Critical Strikes 4 | . . 2 2 Damage Taken 1193 | . 94 786 313 Core 166 | . 15 98 53 Absorbed by Shields . | . . . . Core Remaining (%) 100 | 100 . . . Volleys Fired 49 | . 5 42 2 Largest 2 | . 2 2 2 Hottest 85 | . 70 85 50 Shots Fired 81 | . 10 68 3 Gun 81 | . 10 68 3 Cannon . | . . . . Launcher . | . . . . Special . | . . . . Kinetic 67 | . 5 59 3 Thermal 14 | . 5 9 . Explosive . | . . . . Electromagnetic . | . . . . Robot Hit Streak 15 | . 9 15 2 Robot Miss Streak 6 | . 1 6 1 Penetration Max . | . . . . Secondary Targets 1 | . . 1 . Max Gunslinging Chain 1 | . . 1 . Shots Hit Robots 61 | . 9 48 4 Core Hits 18 | . 4 13 1 Critical Kills . | . . . . Critical Parts Destroyed 1 | . . . 1 Critical Strikes 1 | . . . 1 Smash 1 | . . . 1 Melee Attacks 3 | . . . 3 Impact 3 | . . . 3 Slashing . | . . . . Piercing . | . . . . Sneak Attacks . | . . . . Combat Hostiles . | . . . . Follow-up Attacks . | . . . . Damage Inflicted 884 | . 109 652 123 Guns 786 | . 109 652 25 Cannons . | . . . . Explosions . | . . . . Melee 98 | . . . 98 Ramming . | . . . . Kinetic 622 | . 60 537 25 Thermal 164 | . 49 115 . Explosive . | . . . . Electromagnetic . | . . . . Impact 98 | . . . 98 Slashing . | . . . . Piercing . | . . . . Highest Corruption 23 | . . 23 2 Average Corruption 17 | . . 20 1 Corruption Purged . | . . . . Corruption Blocked . | . . . . Effects 42 | . . 41 1 Message Errors 10 | . . 10 . Matter Fused 10 | . . 10 . Heat Flow Errors 8 | . . 7 1 Energy Discharges 4 | . . 4 . Parts Rejected 1 | . . 1 . Data Loss (minor) 2 | . . 2 . Data Loss (major) 4 | . . 4 . Alerts 1 | . . 1 . Misdirections 1 | . . 1 . Weapon Failures 1 | . . 1 . Overload Shots . | . . . . Overflow Damage 93 | . . . 93 Projectiles . | . . . . Explosions . | . . . . Melee 93 | . . . 93 Knockbacks 1 | . . . 1 Impact 1 | . . . 1 Kinetic . | . . . . Secondary . | . . . . Self-Inflicted Damage . | . . . . Shots . | . . . . Rammed . | . . . . Targets Rammed . | . . . . Kicked . | . . . . Crushed . | . . . . Highest Temperature 189 | . 84 189 164 Average Temperature 58 | . 44 71 59 Received Heat Transfer 295 | . 57 153 85 Siege Activations . | . . . . Martial Activations . | . . . . Shielding Activations . | . . . . Robots Disrupted . | . . . . Combat Hostiles . | . . . . Robots Corrupted 1 | . . . 1 Combat Hostiles 1 | . . . 1 Parts Fried 2 | . . . 2 Impact Corruptions 3 | . . . 3 Robots Melted . | . . . . Combat Hostiles . | . . . . Parts Melted . | . . . . Heat Transferred 407 | . 148 259 . Parts Sabotaged . | . . . . Parts Stolen . | . . . . Parts Stripped . | . . . . Power Chain Reactions . | . . . . Alert | -11 -10 -10 -9 ------- Run | Yrd Mat Sub Scr Maximum Alert Level . | . . . . Low Security (%) 100 | 100 100 . . Level 1 . | . . . . Level 2 . | . . . . Level 3 . | . . . . Level 4 . | . . . . Level 5 . | . . . . High Security . | . . . . Max Security . | . . . . Peak Influence 40 | . 40 . . Initial . | . . . . Average 7 | . 11 . . Influence Increases 161 | . 57 104 . Destroy 0b10 Robot/C 140 | . 40 100 . Destroy Leader 10 | . 10 . . Allied During Kill 4 | . . 4 . Successful Hack 7 | . 7 . . Influence Decreases 161 | . 37 124 . Entered New Map 10 | . . 10 . Time Decay 131 | . 37 94 . Lost Ally 20 | . . 20 . Squads Dispatched . | . . . . Investigation . | . . . . Extermination . | . . . . Reinforcement . | . . . . Assault . | . . . . Garrison . | . . . . Intercept . | . . . . Searches Triggered . | . . . . Construction Impeded . | . . . . Haulers Reinforced . | . . . . Active Scanning Responses . | . . . . Cargo Convoy Interrupts . | . . . . Stealth | -11 -10 -10 -9 --------- Run | Yrd Mat Sub Scr Distress Signals . | . . . . Communications Jammed . | . . . . Distress Signals . | . . . . Times Spotted 25 | . 2 10 13 Peak Tracking Total 11 | . 2 3 11 Tactical Retreats . | . . . . Traps | -11 -10 -10 -9 ------- Run | Yrd Mat Sub Scr Traps Triggered 3 | . 3 . . Indirectly . | . . . . Trap Hack Attempts . | . . . . Triggered . | . . . . Disarmed . | . . . . Reprogrammed . | . . . . Reused . | . . . . Traps Extracted . | . . . . Installed . | . . . . Triggered . | . . . . Machines | -11 -10 -10 -9 ---------- Run | Yrd Mat Sub Scr Machines Disabled 8 | . . . 8 Max in Single Turn 1 | . . . 1 Machines Repaired . | . . . . Machines Dismantled . | . . . . Machines Sabotaged . | . . . . Overloaded Fab Kills . | . . . . Hacking | -11 -10 -10 -9 --------- Run | Yrd Mat Sub Scr Machines Accessed 1 | . 1 . . Terminals 1 | . 1 . . Fabricators . | . . . . Repair Stations . | . . . . Recycling Units . | . . . . Scanalyzers . | . . . . Garrison Access . | . . . . Total Hacks 3 | . 3 . . Successful 1 | . 1 . . Failed 2 | . 2 . . Catastrophic . | . . . . Database Lockouts . | . . . . Manual 1 | . 1 . . Terminals 3 | . 3 . . Fabricators . | . . . . Repair Stations . | . . . . Recycling Units . | . . . . Scanalyzers . | . . . . Garrison Access . | . . . . Terminal Hacks 1 | . 1 . . Branch Access Points 1 | . 1 . . Fabricator Hacks . | . . . . Repair Station Hacks . | . . . . Recycling Unit Hacks . | . . . . Scanalyzer . | . . . . Garrison Access Hacks . | . . . . Unauthorized Hacks . | . . . . Terminals . | . . . . Fabricators . | . . . . Repair Stations . | . . . . Recycling Units . | . . . . Scanalyzers . | . . . . Garrison Access . | . . . . Data Cores Recovered . | . . . . Used . | . . . . Hacking Detections 1 | . 1 . . Full Trace Events 1 | . 1 . . Feedback Events . | . . . . Feedback Blocked . | . . . . Robot Schematics Acquired . | . . . . Robots Built . | . . . . Authchips . | . . . . Time . | . . . . Total Robot Build Rating . | . . . . Part Schematics Acquired . | . . . . Parts Built . | . . . . Authchips . | . . . . Time . | . . . . Total Part Build Rating . | . . . . Part Studies Acquired . | . . . . Parts Repaired . | . . . . Time . | . . . . Parts Recycled . | . . . . Recycled Matter . | . . . . Retrieved Matter . | . . . . Retrieved Components . | . . . . Parts Scanalyzed . | . . . . Part Schematics Acquired . | . . . . Parts Damaged . | . . . . Bothacking | -11 -10 -10 -9 ------------ Run | Yrd Mat Sub Scr Used RIF Installer . | . . . . Robots Hacked . | . . . . Non-combat . | . . . . Combat . | . . . . Robot Hacks Applied . | . . . . Relay Couplers Released . | . . . . Fabnet Peak Effective % . | . . . . Robots Rewired . | . . . . Allies Hacked . | . . . . Hacks Repelled . | . . . . Allies | -11 -10 -10 -9 -------- Run | Yrd Mat Sub Scr Total Allies 4 | . . 3 1 Largest Group 2 | . . 2 1 Highest-Rated Group 464 | . . 10 464 Highest-Rated Ally 464 | . . 5 464 Total Orders . | . . . . Ally Attacks 61 | . . 24 37 Total Damage 2377 | . . 113 2264 Kills 16 | . . 2 14 Allies Corrupted . | . . . . Allies Melted . | . . . . X0-1V1 Amusement Gains 12 | . 7 . 5 Average Entertainment 9 | . . 10 7 Good Acts 6 | . . 5 1 Bad Acts 8 | . . 6 2 Intel | -11 -10 -10 -9 ------- Run | Yrd Mat Sub Scr Active Infowar (turns) 169 | . . . 169 Optics 169 | . . . 169 Robot Analysis Total . | . . . . Derelict Logs Recovered 1 | . . 1 . Drone Launches . | . . . . Drone Recoveries . | . . . . Exploration | -11 -10 -10 -9 ------------- Run | Yrd Mat Sub Scr Turns Passed 1776 | 84 144 1093 455 Spaces Moved 1022 | 47 67 645 263 Core 36 | 5 4 . 27 Treads 591 | 42 63 392 94 Legs 395 | . . 253 142 Wheels . | . . . . Hover . | . . . . Flight . | . . . . Fastest Speed 50 | 50 160 120 120 Average Speed 145 | 148 164 144 142 Slowest Speed 250 | 160 250 160 250 Overloaded Moves . | . . . . Propulsion Burnouts . | . . . . Robots Hopped . | . . . . Potential Cave-ins . | . . . . Cave-ins Triggered . | . . . . Exploration Rate (%) 14 | 3 13 31 10 Regions Visited 3 Branch Regions 2 Pre-discovered Areas . | . . . . Known Exits Taken . | . . . . Unknown Exits Taken 3 | 1 1 1 . Scrap Searched 2 | . . . 2 Spaces Dug . | . . . . Terrain Destroyed . | . . . . Melee . | . . . . Projectile . | . . . . AOE . | . . . . Terrain Rammed . | . . . . Walls Destroyed . | . . . . Machines Disabled . | . . . . Actions | -11 -10 -10 -9 --------- Run | Yrd Mat Sub Scr Total 1228 | 59 91 741 337 Wait 83 | . . 38 45 Move 1019 | 46 66 644 263 Hop . | . . . . Pick Up 29 | 7 9 5 8 Fast Attach 6 | 5 . . 1 Attach 18 | 1 9 6 2 Detach 1 | . . 1 . Swap 9 | . 1 3 5 Drop 11 | . 1 2 8 Fire 49 | . 5 42 2 Melee 3 | . . . 3 Ram . | . . . . Kick . | . . . . Crush . | . . . . Escape Stasis . | . . . . Rewire . | . . . . Trap . | . . . . Miscellaneous . | . . . . Route ------- -11/Scrapyard -10/Materials (discovered 2 exits: Min / [*Sub]) -10/Subcaves (discovered 3 exits: Mat / Rec / [*Scr]) -9/Scraptown History --------- Turn | Location | Event 13 | -11/Scrapyard | Discovered new exit (range 15) 85 | -11/Scrapyard | Entered Materials 132 | -10/Materials | Identified exit to Mines 159 | -10/Materials | Discovered new exit (range 11) 229 | -10/Materials | Prayed at D.C.S.S. Altar Unit 229 | -10/Materials | Entered Subcaves 230 | -10/Subcaves | Approached by a straggling Scientist 310 | -10/Subcaves | Build established: Mutant 364 | -10/Subcaves | Shifting Twisted Machinery released Barrage Gun 386 | -10/Subcaves | Shifting Twisted Machinery released Spk. Treads 434 | -10/Subcaves | Energy capacity permanently improved by X0-1V1 (+200; -100 max core) 436 | -10/Subcaves | X0-1V1 sent hostile S-10 Pest (x3) 447 | -10/Subcaves | Scientist uncovered a shortcut to Scraptown 529 | -10/Subcaves | Ambushed by Subdwellers from Twisted Machinery 543 | -10/Subcaves | Identified exit to Recycling 543 | -10/Subcaves | X0-1V1 revealed exit location to -9/Recycling 545 | -10/Subcaves | System corruption reached 10% 684 | -10/Subcaves | Core integrity fell below 50% 852 | -10/Subcaves | Identified exit to Materials 873 | -10/Subcaves | X0-1V1 caused items to flee you 894 | -10/Subcaves | X0-1V1 sent allied S-10 Pest (x3) 1096 | -10/Subcaves | Items stopped fleeing you 1322 | -10/Subcaves | Entered Scraptown 1322 | -9/Scraptown | System corruption cleaned by C-Scrubber 1386 | -9/Scraptown | X0-1V1 brought Wyrm Statue to life 1386 | -9/Scraptown | Attacked by Scraptown defenders 1561 | -9/Scraptown | Allies destroyed Triborg 1597 | -9/Scraptown | Found Corrupted Scrap Suit 1720 | -9/Scraptown | System corruption cleaned by C-Scrubber 1725 | -9/Scraptown | System corruption cleaned by C-Scrubber 1763 | -9/Scraptown | Core integrity fell below 20% 1777 | -9/Scraptown | Destroyed by CN-JW4(j) with Overtuned Pulse Rifle Last Messages --------------- The unstable cave ceiling collapses. Acquired 11 matter. The unstable cave ceiling collapses. System corrupted: Heat flow error (+182). The unstable cave ceiling collapses. Ovr. Treads recovered from malfunction. The unstable cave ceiling collapses. LOCAL NARROWCAST: Corruption nullified, you may proceed. Integrated Corrupted Hyb. Fission Core (+1). Corrupted Hyb. Fission Core temporarily disabled. LOCAL NARROWCAST: Corruption nullified, you may proceed. Ovr. Treads suddenly begins malfunctioning. Ovr. Treads recovered from malfunction. Ovr. Treads suddenly begins malfunctioning. Ovr. Treads recovered from malfunction. CN-JW4(j): "Did MC send you?" X0-1V1 laughs nastily! Map ----- +----------------------------------------------------+ | ?????????????????????????????????????????????????? | | ?????????????????????????????????????????????????? | | ?????????????????????????????????????????????????? | | ???????????????????????????????????#?????????????? | | ?????????????????????????????????? #?????????????? | | ????????????????????????????????? #?????????????? | | ????????????????????????????????? ###???????????? | | ???????????????????????????????? ????????????? | | ??????????????????????????????? ?????????????? | | ?????????????????????????????? ??????????????? | | ?????????????????????????????# ????????????????? | | ???????????????????????######" ?????????????????? | | ???????????????????????# ??????????????????? | | ??????????????????????? ???????????????????? | | ???????????????????##### ????????????????????? | | ???????????????????? j#?????????????????????? | | ?????????????????????? #?????????????????????? | | ???????????????????????# #?????????????????????? | | ???????????????????????# #?????????????????????? | | ???????????????????????# #?????????????????????? | | ???????????????????????# #?????????????????????? | | ???????????????????????# #?????????????????????? | | ???????????????????????# #?????????????????????? | | ???????????????????????# #?????????????????????? | | ???????????????????????# #?????????????????????? | | ???????????????#####???# @ #?????????????????????? | | ???????????????#"""#???# #?????????????????????? | | ???????????????#" "#???# #?????????????????????? | | ???????????????# #???# DD#?????????????????????? | | ???????????????# ##### DD#?????????????????????? | | ???????????????# ##???????????####?????? | | ???????????????# #???????????# ??????? | | ???????????????# ##??#####?#### ##?????? | | ???????????????##### ### ##??#"""""?#""" "#?????? | | ???????????????????# #?###???#"" ""?#"""*"##????? | | ??????????????###### ######??#"" "##" %!###???? | | ??????????????#""""" """""#??#" ""## = ##### | | ??????????????#"""%" " "#??#"" ""# ##"""" | | ??????????????#" | "#??#"" ""# " | | ??????????????#"""" "#??#"" ""## = # = | | ??????????????##### ## #??#" ""# | | ??# ########### ## # ####"" ""# # # | | ??# !!%! % [= !!! / =! ! % | | ??# [!! =* =!! !![= [ | | ??# ###"""" """ # # # ""[!""""##"##% [ # | | ?????????#""" """ # ! "###### ## | | ??????????""" ""## # " =% "#????#" "#? | | ??????????"""" "######" * "#????#" ""#? | | ??????????""""" "#????#"" ""%! "#????#" | | ??????????"""""""""?????#""""""""""#????#"""""""## | +----------------------------------------------------+ Best States ------------- Heat Dissipation 75 Energy Generation 16 Energy Capacity 1100 Matter Stores 900 Matter Capacity 900 Sight Range 20 Terrain Scan Density 10 Evasion (%) 55 Recoil Reduction 2 Item Schematics ----------------- None Robot Schematics ------------------ None Fabricated ------------ Nothing Repaired ---------- Nothing Studied --------- None Alien Tech Used ----------------- None Achievements -------------- Chaos Is Inevitable Challenges ------------ None Game ------ Seed GatlingCarbideFilter Manual? 0 Play Time 00:22:37 Cumulative 4.9 hours Start 2026.08.30 @ 14:19:11 End 2026.08.30 @ 14:43:50 Sessions 1 Manual Loads 0 Difficulty Rogue Special Mode None Game No. 10 Rogue 10 Adventurer 0 Explorer 0 Win Type - Total 0 Types 0/0/0/0/0/0/0/0/0/0 Lore% 12 Gallery% 8 Achievement% 10 Wizard Run 0 Options --------- Layout 1 ASCII 0 Keyboard 0 Movement Mouse Keybinds 0 Fullscreen 2 Font 24/X11 Map View 50x35 Zoom Use 0% Tactical HUD 0 Map Filters NONE Filters NONE Steam 1 RUN: 53afeea7-fa0d-4b69-b1c4-3899ee093cfb